 Dungeon Crawl Stone Soup version 0.18.1-50-g88ac8fd (webtiles) character file.

103 rlgrobin the Insei (level 4, -2/35 HPs)
             Began as a Mummy Monk on Sept 14, 2016.
             Slain by a gnoll
             ... wielding a +0 halberd
              (8 damage)
             ... on level 2 of the Dungeon.
             The game lasted 00:07:34 (4234 turns).

rlgrobin the Insei (Mummy Monk)                     Turns: 4234, Time: 00:07:35

Health: -2/35      AC:  2    Str: 14    XL:     4   Next: 51%
Magic:  4/4        EV: 13    Int:  9    God:
Gold:   112        SH:  0    Dex: 15    Spells: 0 memorised, 3 levels left

rFire  x . .     SeeInvis .       - Unarmed
rCold  + . .     Gourm    .     (no armour)
rNeg   + + +     Faith    .     (no shield)
rPois  ∞         Spirit   .     e - +0 helmet
rElec  .         Dismiss  .     (no cloak)
rCorr  .         Reflect  .     (no gloves)
SustAt .         Harm     .     d - +0 pair of boots
MR     .....                    (no amulet)
Stlth  ++........               (no ring)
                                (no ring)

@: not resistant to hostile enchantments, unstealthy
A: no food or potions, fire vulnerability, cold resistance 1, negative energy
resistance 3, torment resistance, unbreathing
a: no special abilities


You were on level 2 of the Dungeon.
You were not hungry.

You visited 1 branch of the dungeon, and saw 2 of its levels.

You collected 112 gold pieces.


Innate Abilities, Weirdness & Mutations

You do not eat or drink.
Your flesh is vulnerable to fire.
You are immune to poison.
Your flesh is cold resistant.
You are immune to negative energy.
You are immune to unholy pain and torment.
You can survive without breathing.


   Skills:
 - Level 3.0 Fighting
 + Level 2.4 Dodging
 - Level 1.5 Stealth
 - Level 5.0 Unarmed Combat


You had 3 spell levels left.
You didn't know any spells.

Inventory:

Armour
 d - a +0 pair of boots (worn)
 e - a +0 helmet (worn)
Scrolls
 a - 2 scrolls of identify {unknown}
 b - a scroll of fog {unknown}
 c - a scroll of noise {unknown}

Dungeon Overview and Level Annotations

Branches:
Dungeon (2/15)

Altars:
Ashenzari

Annotations:
D:2 Sigmund

.... ▒▒▒....... ..
...▒▒▒▒▒▒▒▒..▒▒▒▒. . .
.................
▒.▒▒▒............▒...
▒▒▒▒▒.▒.........▒▒...▒...
▒........................
▒▒▒▒.▒..>.....g.g...........
▒......[....▒.▒▒............
▒.▒▒.......M▒.▒ ..........)
▒.▒▒........g.▒ ............
▒.▒▒.▒........▒ ▒...........
▒.▒▒.▒........▒ ▒.......▒..▒
▒..▒.▒........▒▒▒.......▒▒.▒
▒▒.▒.▒........▒.............
▒▒▒.▒..........▒.........▒▒..
▒..............▒.........▒...
▒..............▒.........▒..(


You could see a gnoll.


Message History

You see here a throwing net {=f}!
A gnoll is nearby!!!
You struggle against the net!
You try to slip out of the net!
You try to slip out of the net!
You slip out of the net!!!
You swing at nothing!
You swing at nothing!
You pulverise the gnoll!
The gnoll is moderately wounded!
The gnoll closely misses you!
You pulverise the gnoll!
The gnoll is severely wounded!
The gnoll completely misses you!
You closely miss the gnoll!
The gnoll is severely wounded!
You closely miss the gnoll!
The gnoll is severely wounded!
The gnoll hits you with a halberd!!!
You are too injured to fight recklessly!!!
You are too injured to fight recklessly!!!
You are too injured to fight recklessly!!!
You barely miss the gnoll!
The gnoll is severely wounded!
The gnoll hits you with a halberd!!! * * * don't die
* * * You barely miss the gnoll!
The gnoll is severely wounded!
The gnoll hits you with a halberd!!! rip

Action                   |  1- 3 |  4- 6 || total
-------------------------+-------+-------++-------
Melee: Unarmed           |   207 |    53 ||   260
       Punch             |     2 |     2 ||     4
 Stab: Sleeping          |     1 |       ||     1
Armor: Skin              |     9 |     5 ||    14
Dodge: Dodged            |   140 |    39 ||   179

Vault maps used:
D:1:      ldierk_walled_garden, evilmike_ruin_ashenzari
D:2:      first_bread, uniq_crazy_yiuf_cottage, uniq_robin, uniq_natasha,
          uniq_sigmund

Notes
Turn   | Place    | Note
--------------------------------------------------------------
     0 | D:1      | rlgrobin the Mummy Monk began the quest for the Orb.
     0 | D:1      | Reached XP level 1. HP: 18/18 MP: 1/1
   212 | D:1      | Reached XP level 2. HP: 7/24 MP: 2/2
   214 | D:1      | HP: 2/24 [jackal (2)]
   816 | D:1      | Reached skill level 4 in Unarmed Combat
  1080 | D:1      | Found a shattered altar of Ashenzari.
  1183 | D:1      | Reached XP level 3. HP: 22/29 MP: 3/3
  1915 | D:2      | Noticed Sigmund
  1940 | D:2      | Noticed Robin
  3083 | D:1      | Reached XP level 4. HP: 17/35 MP: 4/4
  3569 | D:1      | Killed Robin
  3964 | D:1      | Reached skill level 5 in Unarmed Combat
  4234 | D:2      | Slain by a gnoll

Vanquished Creatures
  Robin (D:1)
  A gnoll (D:1)
  An adder (D:2)
  A worm (D:1)
  A dart slug (D:1)
  3 giant geckos (D:1)
  4 giant cockroaches
  13 goblins
  10 hobgoblins
  3 jackals (D:1)
  A ball python (D:1)
  5 bats
  4 giant newts (D:1)
  7 kobolds
  4 rats
59 creatures vanquished.

Vanquished Creatures (others)
  5 toadstools (D:1)
5 creatures vanquished.

Grand Total: 64 creatures vanquished
